 Dungeon Crawl Stone Soup version 0.25.1-1-g288607f5aa (webtiles) character file.

Game seed: 16733542994532986597

36 Asdor the Skirmisher (level 3, 0/29 HPs)
             Began as a Demonspawn Abyssal Knight on July 23, 2020.
             Was a Follower of Lugonu.
             Slain by a goblin (1 damage)
             ... on level 2 of the Dungeon.
             The game lasted 00:03:28 (1336 turns).

Asdor the Skirmisher (Demonspawn Abyssal Knight)    Turns: 1336, Time: 00:03:29

Health: 0/29       AC:  3    Str: 12    XL:     3   Next: 19%
Magic:  4/4        EV: 11    Int: 13    God:    Lugonu [*.....]
Gold:   116        SH:  0    Dex: 13    Spells: 2/2 levels left

rFire    + . .     SeeInvis .   a - +1 spear
rCold    + . .     Gourm    .   (no shield)
rNeg     . . .     Faith    .   b - +0 leather armour
rPois    +         Spirit   .   (no helmet)
rElec    +         Reflect  .   (no cloak)
rCorr    +         Harm     .   (no gloves)
MR       .....                  (no boots)
Stlth    +.........             (no amulet)
HPRegen  0.09/turn              (no ring)
MPRegen  0.09/turn              (no ring)

@: lethally poisoned (0 -> -4), resistant, berserk cooldown, hasted and slowed
A: powered by death 1
a: Depart the Abyss, Renounce Religion


You were on level 2 of the Dungeon.
You worshipped Lugonu.
Lugonu was aware of your devotion.
You were not hungry.

You visited 1 branch of the dungeon, and saw 2 of its levels.
You visited the Abyss 1 time.

You collected 116 gold pieces.

Inventory:

Hand Weapons
 a - a +1 spear (weapon)
Missiles
 f - 65 stones (quivered)
Armour
 b - a +0 leather armour (worn)
Scrolls
 e - a scroll of magic mapping
 h - a scroll of amnesia {unknown}
 i - 2 scrolls of identify {unknown}
 j - a scroll of remove curse
Potions
 d - a potion of curing {unknown}
Comestibles
 c - 5 rations
 g - 5 chunks of flesh


   Skills:
 + Level 3.3 Fighting
 * Level 2.4 Polearms
 + Level 2.1 Armour
 + Level 1.2 Dodging
 - Level 2.5 Invocations


You had 2 spell levels left.
You didn't know any spells.
Your spell library was empty.

Dungeon Overview and Level Annotations

Branches:
Dungeon (2/15)

Altars:


Innate Abilities, Weirdness & Mutations

You regenerate a little health from kills.


Message History

You see here a sedimented blue potion.
d - a sedimented blue potion
* * * LOW HITPOINT WARNING * * *
You feel sick.
A goblin comes into view.
It was a potion of berserk rage.
A red film seems to cover your vision as you go berserk!
You feel yourself moving faster!
You feel mighty!
You feel a strong urge to attack something.
Found a scroll labeled YLUPPI YTAJ.
* * * LOW HITPOINT WARNING * * *
You feel sick.
You feel your anger nearly subside.
You are no longer berserk.
You are exhausted.
You feel yourself slow down.
You see here a lumpy cyan potion.
d - a lumpy cyan potion The goblin hits you.
You die...

....# .# ...## .#.#
.).##+####+## ...#
............####..#####
.......†..............#
......................#
.)...............>....#
...............lg.....##
............####@...?...
............# #.#######
###.........# #.#
#.........# #.# .....
#.# #.# #.# #.#


You could see a goblin and a frilled lizard.

Vanquished Creatures
  An adder (D:2)
  2 ball pythons
  2 giant cockroaches (D:1)
  5 goblins
  3 hobgoblins (D:1)
  3 bats (D:1)
  3 frilled lizards
  5 kobolds (D:1)
  2 rats (D:1)
26 creatures vanquished.

Notes
Turn   | Place    | Note
-------+----------+-------------------------------------------
     0 | Abyss:1  | Asdor the Demonspawn Abyssal Knight began the quest for the
                  | Orb.
     0 | Abyss:1  | Reached XP level 1. HP: 18/18 MP: 2/2
    49 | Abyss:1  | Noticed a thrashing horror
   106 | Abyss:3  | Noticed a neqoxec
   117 | Abyss:3  | Noticed a wretched star
   126 | Abyss:3  | Noticed a small abomination
   130 | D:1      | Escaped the Abyss
   522 | D:1      | Reached * piety under Lugonu
   586 | D:1      | Reached skill level 1 in Dodging
   586 | D:1      | Gained mutation: You regenerate a little health from kills.
                  | [demonic ancestry]
   586 | D:1      | Reached XP level 2. HP: 21/24 MP: 3/3
  1321 | D:2      | Reached XP level 3. HP: 5/29 MP: 4/4
  1330 | D:2      | HP: 1/29 [poisoned by an adder]
  1336 | D:2      | Slain by a goblin

Illustrated notes

Levels and vault maps discovered:
D:1:      dpeg_arrival_water_temple_mockup, layout_loops_ring
D:2:      layout_basic, lemuel_tele_altar

Skill      XL: |  1  2 |
---------------+-------+-----
Polearms       | 2 |  2.4
Dodging        | 1 |  1.2
Armour         | 2 |  2.1
Fighting       | |  3.3
Invocations    | |  2.5

Action                   || total
-------------------------++-------
Melee: Spear             ||    81
Invok: Depart the Abyss  ||     1
  Use: Scroll            ||     2
       Potion            ||     3
 Stab: Sleeping          ||     1
  Eat: Chunk             ||     1
Armor: Leather armour    ||    14
Dodge: Dodged            ||    36
